 Dungeon Crawl Stone Soup version 0.28.0-1-gb440e238dd (webtiles) character file.

Game seed: 11919838228006078156

665 zeram the Covered (level 7, -5/44 HPs)
             Began as a Gargoyle Fighter on Feb 27, 2022.
             Was an Initiate of Yredelemnul.
             Slain by an ogre (11 damage)
             ... on level 5 of the Dungeon.
             The game lasted 00:04:18 (5262 turns).

zeram the Covered (Gargoyle Fighter)                Turns: 5262, Time: 00:04:18

Health: -5/44      AC: 14    Str: 20    XL:     7   Next: 57%
Magic:  7/7        EV:  9    Int:  8    God:    Yredelemnul [......]
Gold:   250        SH:  4    Dex: 11    Spells: 6/6 levels left

rFire   . . .      SeeInvis .   a - +1 flail
rCold   . . .      Faith    .   c - +0 buckler
rNeg    + . .      Spirit   .   b - +0 scale mail
rPois   ∞          Reflect  .   l - +1 helmet
rElec   +          Harm     .   (no cloak)
rCorr   .          Rampage  .   (no gloves)
Will    .....                   (no boots)
Stlth   ..........              (no amulet)
HPRegen 0.14/turn               (no ring)
MPRegen 0.10/turn               (no ring)

@: no status effects
A: sickness immunity, AC +4, negative energy resistance 1, electricity
resistance, torment resistance 1, petrification resistance
a: Renounce Religion, Recall Undead Harvest


You were on level 5 of the Dungeon.
You worshipped Yredelemnul.
Yredelemnul was noncommittal.
You visited 2 branches of the dungeon, and saw 6 of its levels.

You collected 250 gold pieces.

Inventory:

Hand Weapons
 a - a +1 flail (weapon)
Armour
 b - a +0 scale mail (worn)
 c - a +0 buckler (worn)
 l - a +1 helmet (worn)
Wands
 k - a wand of flame (18)
 n - a wand of acid (7)
Scrolls
 f - 2 scrolls of teleportation
Potions
 d - a potion of might
 e - 2 potions of heal wounds {unknown}
 g - a potion of attraction {unknown}
 h - a potion of degeneration {unknown}
 i - a potion of ambrosia {unknown}
 j - a potion of resistance {unknown}
 m - a potion of mutation {unknown}


   Skills:
 + Level 4.8 Fighting
 + Level 5.3 Maces & Flails
 + Level 5.5 Armour
 + Level 1.6 Dodging
 + Level 4.2 Shields


You had 6 spell levels left.
You didn't know any spells.
Your spell library contained the following spells:

 Spells                   Type           Power      Damage    Failure   Level
 Beastly Appendage        Tmut           0%         N/A       83%         1
 Wereblood                Tmut           0%         N/A       92%         2
 Spider Form              Tmut/Pois      0%         N/A       99%         3


Dungeon Overview and Level Annotations

Branches:
Dungeon (5/15)             Temple (1/1) D:4

Altars:
Ashenzari
Cheibriados
Dithmenos
Fedhas
Hepliaklqana
Kikubaaqudgha
Makhleb
Nemelex Xobeh
Ru
Sif Muna
Uskayaw
Vehumet
Wu Jian
Xom
Yredelemnul
Zin


Innate Abilities, Weirdness & Mutations

You are immune to sickness and miasma.
Your stone body is resilient. (AC +4)
You are immune to poison.
You resist negative energy. (rN+)
You are resistant to electric shocks. (rElec)
You are resistant to unholy torment.
You are immune to petrification.


Message History

Found a stone staircase leading up.
The howler monkey howls!
The ogre shouts!
An ogre is nearby!
An ogre is nearby!
An ogre is nearby!
Found a blue potion.
The iguana hisses menacingly.
You hit the ogre but do no damage. The ogre hits you with a +0 giant club.
You sock the ogre!
The ogre is moderately wounded.
The ogre hits you with a +0 giant club!!
Ouch! That really hurt!
You are too injured to fight recklessly!
You are too injured to fight recklessly!
You are too injured to fight recklessly!
You are too injured to fight recklessly!
You are too injured to fight recklessly!
You are too injured to fight recklessly!
You are too injured to fight recklessly!
You are too injured to fight recklessly!
You are too injured to fight recklessly!
You are too injured to fight recklessly!
You are too injured to fight recklessly!
You are too injured to fight recklessly!
You are too injured to fight recklessly!
You barely miss the ogre.
The ogre is moderately wounded.
The ogre hits you but does no damage.
You sock the ogre!
The ogre is severely wounded.
The ogre closely misses you.
You barely miss the ogre.
The ogre is severely wounded.
The ogre hits you with a +0 giant club!
* * * LOW HITPOINT WARNING * * *
You hit the ogre.
The ogre is almost dead.
The ogre hits you with a +0 giant club!
You die...
Your body rises from the dead as a mindless zombie.

#.#.##.. #......# .## ##
## ###.##.. ...( .. ..#
#.###. ###.##. #.# #.#
#. #⌠#/... #.# #.# #.
#.###..###.#### #.# #.
...w#.O?....... ..# #.
...h###@##.# ### #.
.<.hsl#....# #.
...Z###.##.############.
!...#...................
#[###....###############
#⌠#...#### ###.## ....
##


You could see an ogre, a worm, a scorpion, 2 howler monkeys, an iguana and an
adder zombie.

Vanquished Creatures
  A necrophage (D:4)
  An ogre (D:4)
  A scorpion (D:4)
  A hound (D:4)
  2 orc priests (D:4)
  A centaur skeleton (D:4)
  3 iguanas (D:4)
  3 orc wizards
  7 adders
  2 howler monkey skeletons
  A worm (D:4)
  12 orcs
  9 ball pythons
  5 bats
  5 endoplasms
  3 giant cockroaches
  8 hobgoblins
  2 jackals (D:2)
  6 kobolds
  3 quokkas
  5 frilled lizards
  8 goblins
  9 rats
98 creatures vanquished.

Vanquished Creatures (others)
  A ball python zombie (D:4)
1 creature vanquished.

Grand Total: 99 creatures vanquished

Notes
Turn   | Place    | Note
-------+----------+-------------------------------------------
     0 | D:1      | zeram the Gargoyle Fighter began the quest for the Orb.
     0 | D:1      | Reached XP level 1. HP: 14/14 MP: 1/1
   146 | D:1      | Reached XP level 2. HP: 19/19 MP: 2/2
   691 | D:1      | Found a faded altar of an unknown god.
   935 | D:1      | Reached XP level 3. HP: 24/24 MP: 3/3
  1731 | D:2      | Reached XP level 4. HP: 29/29 MP: 4/4
  2590 | D:3      | Reached XP level 5. HP: 16/33 MP: 5/5
  3102 | D:4      | Noticed a necrophage
  3116 | D:4      | Killed a necrophage
  3117 | D:4      | Reached skill level 1 in Dodging
  3117 | D:4      | Reached XP level 6. HP: 29/38 MP: 6/6
  3754 | D:4      | Reached skill level 5 in Armour
  4247 | D:4      | Reached XP level 7. HP: 30/44 MP: 7/7
  4515 | D:4      | Found a staircase to the Ecumenical Temple.
  4528 | Temple   | Entered the Ecumenical Temple
  4621 | Temple   | Became a worshipper of Yredelemnul the Dark
  4685 | D:4      | Reached * piety under Yredelemnul
  4686 | D:4      | Reached skill level 5 in Maces & Flails
  5065 | D:5      | Entered Level 5 of the Dungeon
  5262 | D:5      | Slain by an ogre

Illustrated notes

Levels and vault maps discovered:
D:1:      psy_arrival_conway, layout_loops_ring,
          hellmonk_ecumenical_altar_pennies_from_heaven, st_stairs_11
D:2:      layout_basic, minmay_cupped
D:3:      layout_basic, mrwooster_statue_mirror
D:4:      layout_layer_cave, minmay_temple_entry_trees, portal_sewer_entry_d
D:5:      layout_loops_ring, nicolae_fountain_basement, uniq_edmund,
          uniq_menkaure
Temple:   lightli_temple_of_artemis

Skill      XL: |  1  2  3  4  5  6  7 |
---------------+----------------------+-----
Armour         | 4 5 |  5.5
Fighting       | 4 |  4.8
Maces & Flails | 3 4 5 |  5.3
Dodging        | 1 |  1.6
Shields        | 4 |  4.2

Action                   |  1- 3 |  4- 6 |  7- 9 || total
-------------------------+-------+-------+-------++-------
Melee: Flail             |   116 |   173 |    43 ||   332
  Use: Potion            |       |     5 |       ||     5
       Scroll            |       |     4 |     1 ||     5
 Stab: Distracted        |       |       |     2 ||     2
Armor: Scale mail        |    94 |   112 |    15 ||   221
Dodge: Dodged            |    75 |    82 |    23 ||   180
Block: Buckler           |    31 |    33 |     9 ||    73
